 Dungeon Crawl Stone Soup version 0.27-a0-1200-g94dc6ad4cf (webtiles) character file.

Game seed: 1896457727497305616

59 DasRunzen the Slasher (level 3, 0/29 HPs)
             Began as a Demigod Gladiator on May 31, 2021.
             Killed from afar by Natasha (6 damage)
             ... with a magic dart
             ... on level 2 of the Dungeon.
             The game lasted 00:02:32 (1812 turns).

DasRunzen the Slasher (Demigod Gladiator)           Turns: 1812, Time: 00:02:32

Health: 0/29       AC:  5    Str: 15    XL:     3   Next: 54%
Magic:  7/7        EV: 12    Int: 14    God:
Gold:   78         SH:  0    Dex: 15    Spells: 4/4 levels left

rFire    . . .     SeeInvis .   a - +0 long sword
rCold    . . .     Faith    .   (no shield)
rNeg     . . .     Spirit   .   b - +0 leather armour
rPois    .         Reflect  .   c - +0 helmet
rElec    .         Harm     .   e - +0 cloak
rCorr    .         Rampage  .   (no gloves)
Will     .....                  (no boots)
Stlth    +.........             (no amulet)
HPRegen  0.09/turn              (no ring)
MPRegen  0.10/turn              (no ring)

@: slowed, very slow
A: high mp 1, forlorn
a: no special abilities


You were on level 2 of the Dungeon.
You visited 1 branch of the dungeon, and saw 2 of its levels.

You collected 78 gold pieces.

Inventory:

Hand Weapons
 a - a +0 long sword (weapon)
Missiles
 d - 3 throwing nets (quivered)
Armour
 b - a +0 leather armour (worn)
 c - a +0 helmet (worn)
 e - a +0 cloak (worn)
Scrolls
 f - a scroll of fog
 i - a scroll of amnesia
 j - a scroll of teleportation {unknown}
 k - a scroll of enchant armour {unknown}
Potions
 g - a potion of lignification {unknown}
 h - a potion of curing {unknown}
 l - a potion of haste {unknown}
 m - 2 potions of heal wounds {unknown}


   Skills:
 + Level 2.2 Fighting
 + Level 3.1 Long Blades
 - Level 1.7 Throwing
 + Level 1.1 Armour
 + Level 3.0 Dodging
 + Level 1.0 Spellcasting


You had 4 spell levels left.
You didn't know any spells.
Your spell library contained the following spells:

 Spells                   Type           Power      Damage    Failure   Level
 Confusing Touch          Hex            0%         N/A       67%         3
 Gell's Gravitas          Tloc           0%         N/A       67%         3
 Petrify                  Tmut/Erth      0%         N/A       97%         4
 Metabolic Englaciation   Hex/Ice        0%         N/A       100%        5
 Yara's Violent Unravell  Hex/Tmut       0%         3d3       100%        5


Dungeon Overview and Level Annotations

Branches:
Dungeon (2/15)

Annotations:
D:2 Natasha


Innate Abilities, Weirdness & Mutations

Your attributes grow dramatically as you level up.
You have an increased reservoir of magic. (+10% MP)
You shall have no god before yourself.


Message History

You closely miss Natasha.
Natasha is severely wounded.
The white imp gestures at you. The puff of frost hits you.
Natasha closely misses you.
You closely miss Natasha.
Natasha is severely wounded.
The white imp hits you but does no damage.
Natasha claws you but does no damage. The white imp misses you.
Natasha claws you.
* * * LOW HITPOINT WARNING * * *
You barely miss Natasha.
Natasha is severely wounded.
Natasha casts a spell at you.
You feel yourself slow down. The white imp hits you.
* * * LOW HITPOINT WARNING * * *
The white imp freezes you.
* * * LOW HITPOINT WARNING * * *
You hit Natasha.
You kill Natasha!
Moaning pathetically, Natasha's spirit plunges into the ground.
The white imp disappears in a puff of smoke!
Your Armour skill increases to level 1!
Your Dodging skill increases to level 3!
Your Spellcasting skill increases to level 1!
You feel yourself speed up.
Natasha, Servant of Life and Death comes into view.
Natasha stares at you and mumbles some strange words.
The magic dart hits you. Natasha casts a spell at you.
You feel yourself slow down.
Natasha mumbles some strange words.
A hobgoblin comes into view.
The hobgoblin shouts!
Natasha casts a spell.
The white imp gestures at you. The puff of frost hits you.
* * * LOW HITPOINT WARNING * * *
Natasha casts a spell at you. The magic dart hits you.
You die...

.................................
...#.##.##..##...................
...#.##.##..##..._......##...#...
..?#.##.##...#...............#..#
....5....5.h.#.g....#...#.......#
#######.##...#.#..#.#...#.......#
..............................†..
..........5...................).#
#######.##.#.#..@............##)#
..#####.##.#.####.###........##.#
.........#........<...........#.#
#.#####....(..................#.#
##.##.)..................#.#
.........####..........##.#.#
......................... ...#
..###.##................. .#.# .
....................


You could see Natasha, a white imp (summoned), a shadow imp (summoned) and a
hobgoblin.

Vanquished Creatures
  Natasha (D:2)
  A worm (D:2)
  An endoplasm (D:2)
  A giant cockroach (D:1)
  2 goblins (D:2)
  A hobgoblin (D:1)
  4 jackals (D:1)
  8 ball pythons
  2 bats
  2 frilled lizards (D:1)
  5 kobolds
  2 rats
30 creatures vanquished.

Notes
Turn   | Place    | Note
-------+----------+-------------------------------------------
     0 | D:1      | DasRunzen the Demigod Gladiator began the quest for the
                  | Orb.
     0 | D:1      | Reached XP level 1. HP: 17/17 MP: 3/3
   553 | D:1      | Reached XP level 2. HP: 24/24 MP: 4/4
  1669 | D:2      | Reached XP level 3. HP: 28/29 MP: 6/6
  1720 | D:2      | Noticed Natasha
  1735 | D:2      | Killed Natasha
  1736 | D:2      | Reached skill level 1 in Armour
  1736 | D:2      | Reached skill level 1 in Spellcasting
  1797 | D:2      | Noticed Natasha
  1812 | D:2      | Killed from afar by Natasha

Illustrated notes

Levels and vault maps discovered:
D:1:      co_arrival_square_in_a_square_in_a_square, layout_loops_ring,
          serial_co_window_serial, co_window_of_opportunity_a,
          co_window_corner_a, co_window_paths_a, co_window_corner_a,
          co_window_of_opportunity_a, co_window_cross_1, co_window_broadway_a,
          co_window_paths_c, co_window_corner_b, co_window_cross_3
D:2:      minmay_wonky_spiral, layout_basic, basic_altar,
          chequers_ecumenical_altar_simple, minmay_misc_feat_doors, uniq_natasha

Skill      XL: |  1  2  3 |
---------------+----------+-----
Fighting       | 2 |  2.2
Long Blades    | 3 |  3.1
Armour         | 1 |  1.1
Dodging        | 3 |  3.0
Spellcasting   | 1 |  1.0
Throwing       | |  1.7

Action                   || total
-------------------------++-------
Melee: Long sword        ||    86
  Use: Scroll            ||     2
 Stab: Sleeping          ||     2
Armor: Leather armour    ||    32
Dodge: Dodged            ||    57
       Rpst.: Long sword ||    18

Table legend: (Time is in decaauts)
 A = Elapsed time spent in this place.
 B = Non-inter-level travel time spent in this place.
 C = Inter-level travel time spent in this place.
 D = Time resting spent in this place.
 E = Time spent auto-exploring this place.
 F = Levels seen in this place.
 G = Mean time per level.
                   A        B        C        D        E       F      G
               +--------+--------+--------+--------+--------+-----+--------+
         Total |   1843 |   1774 |     69 |      0 |   1540 |   2 |  921.5 |
       Dungeon |   1843 |   1774 |     69 |      0 |   1540 |   2 |  921.5 |
               +--------+--------+--------+--------+--------+-----+--------+

Top non-repeatable levels by time:
     D:1: 1182 daAuts
     D:2: 660 daAuts
